 Dungeon Crawl Stone Soup version 0.28-a0-925-gd5e1996cdb (webtiles) character file.

Game seed: 12587292147194893618

109 AvatarAndi78 the Chopper (level 4, -1/41 HPs)
             Began as a Minotaur Berserker on Nov 26, 2021.
             Was a Believer of Trog.
             Slain by a gnoll (12 damage)
             ... on level 3 of the Dungeon.
             The game lasted 00:03:31 (2293 turns).

AvatarAndi78 the Chopper (Minotaur Berserker)       Turns: 2293, Time: 00:03:32

Health: -1/41      AC:  5    Str: 22    XL:     4   Next: 59%
Magic:  3/3        EV: 10    Int:  4    God:    Trog [**....]
Gold:   67         SH:  3    Dex: 10    Spells: 3/3 levels left

rFire   . . .      SeeInvis .   a - +0 hand axe
rCold   . . .      Faith    .   d - +0 buckler
rNeg    . . .      Spirit   .   b - +0 ring mail
rPois   .          Reflect  .   f - +0 hat
rElec   .          Harm     .   (no cloak)
rCorr   .          Rampage  .   (no gloves)
Will    .....                   (no boots)
Stlth   +.........              (no amulet)
HPRegen 0.13/turn               (no ring)
MPRegen 0.08/turn               (no ring)

@: on berserk cooldown, slowed, very slow
A: horns 2, retaliatory headbutt
a: Renounce Religion, Berserk, Trog's Hand


You were on level 3 of the Dungeon.
You worshipped Trog.
Trog was pleased with you.
You visited 1 branch of the dungeon, and saw 3 of its levels.

You collected 67 gold pieces.

Inventory:

Hand Weapons
 a - a +0 hand axe (weapon)
Armour
 b - a +0 ring mail (worn)
 d - a +0 buckler (worn)
 f - a +0 hat (worn)
Scrolls
 c - a scroll of teleportation {unknown}
 g - a scroll of vulnerability {unknown}
 j - a scroll of magic mapping {unknown}
 l - a scroll of amnesia {unknown}
 m - 2 scrolls of identify {unknown}
Potions
 e - a potion of ambrosia {unknown}
 h - 2 potions of might {unknown}
 i - a potion of haste {unknown}
 k - a potion of cancellation {unknown}


   Skills:
 + Level 4.3 Fighting
 + Level 5.0 Axes
 + Level 3.5 Armour
 + Level 2.6 Dodging
 + Level 0.3 Stealth
 + Level 0.3 Shields


You had 3 spell levels left.
You didn't know any spells.
Your spell library was empty.

Dungeon Overview and Level Annotations

Branches:
Dungeon (3/15)

Altars:


Innate Abilities, Weirdness & Mutations

You have a pair of horns on your head.
You reflexively headbutt those who attack you in melee.


Message History

You miss the bat. The bat hits you but does no damage.
You miss the bat. The bat completely misses you. You furiously retaliate!
You headbutt the bat.
You kill the bat!
Trog accepts your kill.
No target in view!
Found an escape hatch in the floor. 2 gnolls come into view.
The gnoll shouts! x2
The gnoll barely misses you. You furiously retaliate!
You headbutt the gnoll. You barely miss the gnoll.
The gnoll is heavily wounded.
The gnoll hits you from afar with a +0 halberd!
The gnoll hits you with a +0 short sword.
A gnoll comes into view. It is wielding a +0 spear.
The gnoll hits you from afar with a +0 halberd!
The gnoll shouts!
A red film seems to cover your vision as you go berserk!
You feel yourself moving faster!
You feel mighty! The gnoll barely misses you. You furiously retaliate!
You headbutt the gnoll. The gnoll misses you.
You feel a strong urge to attack something.
The gnoll barely misses you.
You closely miss the gnoll. The gnoll closely misses you.
You closely miss the gnoll. Your headbutt misses the gnoll.
The gnoll hits you with a +0 spear. The gnoll barely misses you.
Unknown command.
You hit the gnoll. You headbutt the gnoll!
The gnoll is severely wounded.
The gnoll hits you with a +0 spear.
* * * LOW HITPOINT WARNING * * *
You closely miss the gnoll.
The gnoll is severely wounded.
The gnoll barely misses you. You block the gnoll's attack.
You closely miss the gnoll.
The gnoll is severely wounded.
You are no longer berserk.
You are exhausted.
You feel yourself slow down.
The gnoll hits you from afar with a +0 halberd!
You die...

# ####...####.###
#.# #
#..........# #.#
#...####.#.# #.#
##### ##.#.# #.#
#....# #.#
#######.#..# #.#
# ...........#
#.## #
########.####g..#
# #...@gg# #
#..###....# #
#..# ##.# # #..#
####.### #..#
<....... ..>#
######## ###.# #
#.#


You could see 3 gnolls.

Vanquished Creatures
  4 gnolls (D:3)
  2 adders (D:3)
  2 dart slugs
  4 ball pythons
  2 endoplasms
  5 giant cockroaches
  4 goblins (D:1)
  2 hobgoblins
  3 jackals (D:2)
  2 quokkas
  5 bats
  2 frilled lizards
  6 kobolds
  3 rats
46 creatures vanquished.

Notes
Turn   | Place    | Note
-------+----------+-------------------------------------------
     0 | D:1      | AvatarAndi78 the Minotaur Berserker began the quest for the
                  | Orb.
     0 | D:1      | Reached XP level 1. HP: 19/19 MP: 0/0
   213 | D:1      | Reached skill level 4 in Axes
   213 | D:1      | Reached XP level 2. HP: 27/27 MP: 1/1
   292 | D:1      | Found a faded altar of an unknown god.
   782 | D:1      | Reached ** piety under Trog
  1296 | D:2      | Reached XP level 3. HP: 33/33 MP: 2/2
  2127 | D:3      | Reached XP level 4. HP: 40/40 MP: 3/3
  2136 | D:3      | Reached skill level 5 in Axes
  2293 | D:3      | Slain by a gnoll

Illustrated notes

Levels and vault maps discovered:
D:1:      mushboom_english_gardens, layout_basic, basic_ecumenical_altar
D:2:      layout_loops_cross
D:3:      layout_loops_ring

Skill      XL: |  1  2  3  4 |
---------------+-------------+-----
Axes           | 4 5 |  5.0
Fighting       | 4 |  4.3
Armour         | 3 |  3.5
Dodging        | |  2.6
Stealth        | |  0.3
Shields        | |  0.3

Action                   |  1- 3 |  4- 6 || total
-------------------------+-------+-------++-------
Melee: Hand axe          |    72 |    19 ||    91
       Headbutt          |    13 |     3 ||    16
Invok: Berserk           |     2 |     1 ||     3
Armor: Animal skin       |    14 |       ||    14
       Ring mail         |     6 |     9 ||    15
Dodge: Dodged            |    41 |    13 ||    54
Block: Buckler           |    12 |     3 ||    15

Table legend: (Time is in decaauts)
 A = Elapsed time spent in this place.
 B = Non-inter-level travel time spent in this place.
 C = Inter-level travel time spent in this place.
 D = Time resting spent in this place.
 E = Time spent auto-exploring this place.
 F = Levels seen in this place.
 G = Mean time per level.
                   A        B        C        D        E       F      G
               +--------+--------+--------+--------+--------+-----+--------+
         Total |   2319 |   2241 |     78 |      0 |   1921 |   3 |  773.0 |
       Dungeon |   2319 |   2241 |     78 |      0 |   1921 |   3 |  773.0 |
               +--------+--------+--------+--------+--------+-----+--------+

Top non-repeatable levels by time:
     D:1: 1129 daAuts
     D:2: 684 daAuts
     D:3: 506 daAuts
